Map: King's Cove LE

Players

souL

  • Race: Terran Terran
  • Spawn Location: 11:00

Nerchio - Winner!

  • Race: Zerg Zerg
  • Spawn Location: 5:00

Event: 2019 WCS Summer

VOD

Have the link to the VOD?

Description

Time

  • Played on: July 13, 2019, 9:24 a.m.
  • Length: 6:19

All games in this series

Show
View Real Time Build Order
Export as new Build Order

souL Terran 

Build Orders: Hellion Opening, Reaper Expand 

Get SALT Encoding   

  12  0:00  SCV  
  13  0:13  SCV  
  14  0:18  Supply Depot  
  14  0:25  SCV  
  15  0:39  SCV  
  15  0:41  Barracks  
  16  0:45  Refinery  
  16  0:52  SCV  
  17  1:04  SCV  
  18  1:16  SCV  
  19  1:28  Orbital Command, Reaper  
  20  1:42  Command Center  
  20  1:53  Supply Depot  
  21  1:54  SCV  
  21  2:00  Marine  
  22  2:05  Factory  
  22  2:13  SCV  
  23  2:23  Barracks Reactor  
  23  2:25  SCV  
  24  2:37  SCV  
  24  2:42  Command Center  
  25  2:49  SCV  
  27  3:02  Orbital Command  
  27  3:05  Hellion x2  
  30  3:10  SCV  
  31  3:16  Barracks Tech Lab  
  31  3:22  SCV  
  31  3:26  Hellion  
  34  3:28  Hellion  
  34  3:29  SCV  
  37  3:34  SCV  
  37  3:40  Barracks Tech Lab  
  37  3:41  SCV  
  38  3:46  SCV  
  38  3:48  Hellion  
  41  3:49  Hellion  
  41  3:53  SCV  
  41  3:54  Orbital Command  
  44  3:58  SCV  
  44  4:00  Stimpack, Marine  
  46  4:05  SCV  
  46  4:06  Starport  
  47  4:10  SCV  
  48  4:17  SCV  
  48  4:20  Factory Reactor  
  48  4:22  SCV  
  48  4:23  SCV  
  51  4:25  Barracks  
  51  4:28  Refinery  
  51  4:29  SCV  
  51  4:30  Marine  
  51  4:31  Barracks  
  53  4:34  SCV  
  54  4:39  Refinery x2, SCV  
  54  4:44  Starport Reactor, Supply Depot  
  55  4:46  SCV  
  55  4:48  Marine  
  55  4:50  SCV  
  58  4:57  SCV  
  58  4:58  Bunker x2  
  59  5:03  SCV  
  59  5:04  Bunker  
  59  5:06  Marine  
  60  5:08  Siege Tank  
  60  5:12  Marine  
  63  5:15  Marine  
  63  5:19  Marine  
  55  5:24  Marine  
  46  5:30  Marine  
  46  5:33  Marine  
  45  5:37  Marine  
  45  5:42  Marine  
  33  5:47  Marine  
  25  5:50  Marine  
  25  5:55  Marine  
  27  5:59  Marine  
Show
View Real Time Build Order
Export as new Build Order

Nerchio Zerg - Winner!

Build Orders: Pool First 

Get SALT Encoding   

  12  0:00  Drone  
  13  0:12  Overlord  
  13  0:17  Drone  
  14  0:30  Drone  
  14  0:31  Drone  
  14  0:34  Drone  
  17  0:44  Extractor  
  17  0:45  Drone  
  17  0:50  Spawning Pool  
  17  0:55  Drone  
  17  1:16  Hatchery  
  16  1:21  Drone  
  17  1:37  Zergling x4  
  17  1:39  Queen  
  21  1:47  Metabolic Boost  
  21  1:53  Overlord  
  21  1:59  Drone  
  22  2:13  Drone  
  22  2:15  Drone, Queen  
  25  2:21  Drone  
  27  2:33  Zergling x4  
  29  2:45  Drone x2  
  29  2:48  Drone  
  29  2:49  Drone x2  
  34  2:56  Overlord  
  34  3:00  Drone x2  
  36  3:10  Roach Warren  
  35  3:16  Drone x2  
  35  3:17  Drone  
  38  3:23  Hatchery  
  38  3:24  Drone  
  38  3:29  Drone x2  
  38  3:36  Overlord  
  38  3:37  Extractor  
  38  3:39  Overlord  
  37  3:58  Roach x5  
  37  3:59  Roach  
  49  4:09  Roach x2  
  53  4:13  Overlord  
  53  4:21  Zergling x6  
  56  4:29  Ravager x2  
  58  4:33  Zergling x10  
  58  4:36  Zergling x2  
  58  4:37  Zergling x2  
  65  4:44  Zergling x6  
  68  4:48  Ravager  
  68  4:51  Zergling x6  
  72  4:58  Overlord x2  
  72  5:17  Zergling x18  
  72  5:19  Zergling x2  
  74  5:21  Ravager  
  74  5:24  Drone x2  
  75  5:30  Drone  
  75  5:34  Drone x2  
  72  5:36  Drone x3  
  72  5:39  Drone  
  73  5:45  Drone  
  72  6:05  Drone x7, Evolution Chamber  
  72  6:10  Ravager x2  
Tags
 
Add a new tag
Caveats
  • Supply blocks, unpowered buildings, or Contaminate may cause inaccurate times.
  • Supply counts are checked every 10 seconds.